 Dungeon Crawl Stone Soup version 0.31-a0-161-gb58dd9be76 (webtiles) character file.

Game seed: 14358015888880810809

87937 qw the Severer (level 15, -23/99 HPs)
             Began as a Gargoyle Fighter on June 12, 2023.
             Was an Elder of Okawaru.
             Killed from afar by a fire giant (27 damage)
             ... with a bolt of fire
             ... on level 10 of the Dungeon.
             The game lasted 00:10:20 (14701 turns).

qw the Severer (Gargoyle Fighter)                  Turns: 14701, Time: 00:10:21

Health: -23/99     AC: 45    Str: 26    XL:     15   Next: 92%
Magic:  20/20      EV: 12    Int: 10    God:    Okawaru [****..]
Gold:   1440       SH:  7    Dex:  9    Spells: 14/14 levels left

rFire   x x .        Y - +6 war axe (protect)
rCold   + + +        c - +0 buckler
rNeg    + . .        n - +2 ice dragon scales of the Lute {rPois rF- rC++ Regen+}
rPois   inf          (helmet restricted)
rElec   +            p - +0 cloak
rCorr   +            r - +2 pair of gloves
SInv    .            b - +2 pair of boots
Will    +....        t - amulet of regeneration
Stlth   +            f - ring of resist corrosion
HPRegen 1.96/turn    j - ring of ice
MPRegen 0.17/turn

%: no passive effects
@: about to teleport, heroic, under a protective aura, flying
A: sickness immunity, AC +11, big wings, negative energy resistance 1,
electricity resistance, torment resistance 1, petrification resistance, hooves
1, horns 1, low MP 1
a: Renounce Religion, Heroism, Finesse


You were on level 10 of the Dungeon.
You worshipped Okawaru.
Okawaru was greatly pleased with you.
You visited 3 branches of the dungeon, and saw 17 of its levels.

You collected 1440 gold pieces.


Innate Abilities, Weirdness & Mutations

You are immune to sickness and miasma.
Your stone body is resilient. (AC +11)
You are immune to poison.
Your large and strong wings let you fly.
You resist negative energy. (rN+)
You are resistant to electric shocks. (rElec)
You are resistant to unholy torment.
You are immune to petrification.
You have large cloven feet.
You have a pair of small horns on your head.
Your magical capacity is low. (-10% MP)


   Skills:
 + Level 13.3(18.3) Fighting
 - Level 16.0(21.0) Axes
 - Level 5.9(10.9) Throwing
 - Level 11.2(16.2) Armour
 - Level 4.0(9.0) Dodging
 - Level 9.0(14.0) Shields
 - Level 10.6 Invocations


You had 14 spell levels left.
You didn't know any spells.
Your spell library was empty.

Inventory:

Hand Weapons
 q - a -1 demon whip of venom
 s - a +0 morningstar
 Y - a +6 war axe of protection (weapon)
Missiles
 e - a boomerang (quivered)
Armour
 b - a +2 pair of boots (worn)
 c - a +0 buckler (worn)
 m - a +4 plate armour
 n - the +2 ice dragon scales of the Lute (worn) {rPois rF- rC++ Regen+}
   (You found it on level 5 of the Lair of Beasts)

   rF:        It makes you vulnerable to fire.
   rC:        It greatly protects you from cold.
   rPois:     It protects you from poison.
   Regen:     It increases your rate of health regeneration.
 o - +0 fire dragon scales
 p - a +0 cloak (worn)
 r - a +2 pair of gloves (worn)
Jewellery
 f - a ring of resist corrosion (left hand)
 j - a ring of ice (right hand)
 t - an amulet of regeneration (around neck)
Wands
 u - a wand of digging (8)
Scrolls
 a - 3 scrolls of identify
 i - 6 scrolls of teleportation
Potions
 d - 3 potions of might
 g - 2 potions of lignification
 h - a potion of haste
 k - 2 potions of cancellation
 l - 4 potions of mutation
 v - a potion of attraction

Dungeon Overview and Level Annotations

Branches:
Dungeon (11/15)            Temple (1/1) D:6            Lair (5/5) D:9
  Swamp (0/4) Lair:2        Snake (0/4) Lair:3        Slime (0/5) Lair:4
    Orc: D:9-12

Altars:
Ashenzari
Cheibriados
Dithmenos
Elyvilon
Fedhas
Gozag
Hepliaklqana
Kikubaaqudgha
Makhleb
Nemelex Xobeh
Okawaru
Qazlal
Ru
Sif Muna
Trog
Uskayaw
Vehumet
Wu Jian
Xom
Yredelemnul
Zin
The Shining One
Jiyva

Annotations:
D:3 2 transporters, qw's ghost, weakling NaHu
D:5 2 transporters, Menkaure


Message History

You slice something!! Something barely misses you.
You slash something! Okawaru accepts your kill.
Reactivating autopickup.
You feel a bit more experienced. o - +0 fire dragon scales You see here a fire dragon corpse.
A fire giant comes into view.
It is wielding a +2 great sword of flaming.
The fire giant shouts!
The fire giant moves out of view.
There is an open door, spattered with blood here.
You see here a wolf spider corpse.
14693 ||| Stepping ~*~*~tactically~*~*~ (hiding).
You start waiting.
A fire giant is nearby!
You slash the fire giant!
Your weapon exudes an aura of protection.
You headbutt the fire giant, but do no damage.
The fire giant is lightly wounded.
The fire giant gestures at you while chanting.
The bolt of fire misses you.
You hit the fire giant.
The fire giant is lightly wounded.
You hit the fire giant but do no damage.
The fire giant is lightly wounded.
The fire giant gestures at you while chanting.
The fireball explodes!
The fireball engulfs you!!!! The fire burns you terribly!
Ouch! That really hurt!
The fireball engulfs the fire giant!
The fire giant resists.
14700 ||| READING 7 scrolls of teleportation.
As you read the scroll of teleportation, it crumbles to dust.
You feel strangely unstable.
The fire giant hits you with a +2 great sword of flaming!
The fire giant burns you.
You barely miss the fire giant. You headbutt the fire giant.
The fire giant is moderately wounded.
The fire giant points at you and mumbles some strange words.
The bolt of fire hits you!! The fire burns you terribly!
You die...

........#.......<).....
........######..)###### ####
........# #...# ...# ...C....#
#...# ...# ........# #...# ...#
........# #...# ../#
........######...#
##'##############C#........######
.......8#.......@.#..............
........#.......%.###############
........#)........#
........'.........#
###################


You could see a fire giant.

Vanquished Creatures
  4 dire elephants (Lair:5)
  A fire dragon (D:10)
  4 hydras
  An ice dragon (D:10)
  A catoblepas (Lair:3)
  A centaur warrior (D:10)
  13 death yaks
  2 boulder beetles
  2 two-headed ogres
  Erica (D:8)
  A tengu warrior (D:10)
  Sonja (D:10)
  2 spectral death yaks (Lair:5)
  Lodul (D:9)
  A skyshark (Lair:3)
  Amaemon (D:9)
  A spectral anaconda (Lair:5)
  A bog body (Lair:2)
  Pikel (D:7)
  An orc knight (D:10)
  An obsidian statue (Lair:5)
  3 necromancers (Lair:5)
  5 cyclopes
  An ugly thing (D:8)
  A wolf spider (D:10)
  A dire elephant zombie (Lair:5)
  5 oklob plants
  18 elephants (Lair:5)
  9 black mambas
  A torpor snail (Lair:3)
  An orange demon (D:9)
  4 unseen horrors
  2 dire elephant skeletons (Lair:5)
  6 cane toads
  Psyche (D:8)
  A kobold demonologist (D:10)
  11 komodo dragons
  A tengu conjurer (D:10)
  A freezing wraith (D:10)
  4 rime drakes
  2 trolls (D:11)
  A polar bear (Lair:4)
  A hornet (Lair:3)
  Prince Ribbit (D:7)
  30 blink frogs
  A spectral elephant (Lair:5)
  A slime creature (D:10)
  A wraith (D:10)
  A shadow (D:10)
  A wyvern (Lair:2)
  4 basilisks
  37 yaks
  3 vampire mosquitoes (D:11)
  2 steam dragons
  A spectral cane toad (Lair:5)
  11 water moccasins
  A floating eye (Lair:2)
  An orc warrior (D:10)
  A sky beast (D:8)
  2 ice beasts
  3 black bears
  10 ogres
  2 elephant zombies (Lair:5)
  4 lemures (D:7)
  3 centaurs
  2 kobold brigands
  3 phantoms
  15 bullfrogs
  3 scorpions
  7 wights
  11 killer bees
  5 howler monkeys
  2 electric eels
  14 jellies
  6 orc priests
  4 hounds
  A gnoll bouda (D:5)
  Ijyb (D:3)
  5 iguanas
  5 orc wizards
  A sleepcap (D:8)
  4 gnolls (D:5)
  4 adders
  An ufetubus (D:5)
  8 worms
  4 dart slugs
  30 orcs
  5 ball pythons
  8 endoplasms
  A giant cockroach (D:2)
  17 goblins
  11 hobgoblins
  4 jackals (D:5)
  12 kobolds
  2 quokkas
  3 bats
  A frilled lizard (D:2)
  5 rats
448 creatures vanquished.

Notes
Turn   | Place    | Note
-------+----------+-------------------------------------------
     0 | D:1      | qw the Gargoyle Fighter began the quest for the Orb.
     0 | D:1      | Reached XP level 1. HP: 14/14 MP: 1/1
     0 | D:1      | 0 ||| qw: Version: 0.2-a-29-gc1b59c4
     0 | D:1      | 0 ||| qw: Game counter: 4294
     0 | D:1      | 0 ||| qw: Always use a shield: true
     0 | D:1      | 0 ||| qw: God list: Okawaru
     0 | D:1      | 0 ||| qw: Allow faded altars: false
     0 | D:1      | 0 ||| qw: Do Orc after D:15 true
     0 | D:1      | 0 ||| qw: Do second Lair branch before Depths: true
     0 | D:1      | 0 ||| qw: Lair rune preference: random
     0 | D:1      | 0 ||| qw: Plans: Normal, Zot:1-4, Slime:5, God:TSO, Crypt,
                  | Tomb, Abyss, Pan, Hells, Win
     0 | D:1      | 0 ||| PLANNING D:1-11
    99 | D:1      | Reached skill level 2 in Axes
   139 | D:1      | 139 ||| Stepping ~*~*~tactically~*~*~ (stealth).
   140 | D:1      | 140 ||| Stepping ~*~*~tactically~*~*~ (stealth).
   206 | D:1      | Reached XP level 2. HP: 19/19 MP: 2/2
   241 | D:1      | 241 ||| Stepping ~*~*~tactically~*~*~ (stealth).
   242 | D:1      | 242 ||| Stepping ~*~*~tactically~*~*~ (stealth).
   744 | D:1      | 744 ||| READING 2 scrolls labelled PAGIGEOXIO.
   745 | D:1      | 745 ||| READING scroll labelled COFOYCW XA EJI.
   746 | D:1      | 746 ||| READING scroll labelled FIMUMM FEERA.
   747 | D:1      | 747 ||| READING scroll labelled VAADUFRUON.
   752 | D:1      | 752 ||| READING 3 scrolls labelled MORIUD IMEOTO.
   753 | D:1      | 753 ||| DROPPING 2 scrolls of fear.
   795 | D:2      | Reached skill level 3 in Axes
   797 | D:2      | 797 ||| DROPPING +0 club.
   880 | D:2      | 880 ||| Stepping ~*~*~tactically~*~*~ (stealth).
   891 | D:2      | Reached XP level 3. HP: 23/23 MP: 3/3
   902 | D:2      | 902 ||| Stepping ~*~*~tactically~*~*~ (hiding).
   910 | D:2      | 910 ||| Stepping ~*~*~tactically~*~*~ (stealth).
   978 | D:2      | 978 ||| Stepping ~*~*~tactically~*~*~ (stealth).
  1006 | D:2      | 1006 ||| DROPPING +0 whip.
  1295 | D:2      | 1295 ||| Stepping ~*~*~tactically~*~*~ (water).
  1575 | D:2      | 1575 ||| UPGRADING to +0 chain mail.
  1585 | D:2      | 1585 ||| DROPPING +0 scale mail.
  1586 | D:2      | 1586 ||| READING 2 scrolls labelled LASSAA MEARUGG.
  1587 | D:2      | 1587 ||| READING scroll of enchant weapon.
  1587 | D:2      | 1587 ||| ENCHANTING +1 war axe.
  1588 | D:2      | 1588 ||| READING scroll labelled DOLAEPRUALE.
  1689 | D:2      | 1689 ||| READING scroll labelled SASIYXICZU.
  1690 | D:2      | 1690 ||| READING 2 scrolls of identify.
  1690 | D:2      | 1690 ||| IDENTIFYING metallic white potion
  1691 | D:2      | 1691 ||| DROPPING potion of brilliance.
  1702 | D:3      | Found a faded altar of an unknown god.
  1704 | D:3      | 1704 ||| Stepping ~*~*~tactically~*~*~ (stealth).
  1718 | D:3      | 1718 ||| Stepping ~*~*~tactically~*~*~ (stealth).
  1723 | D:3      | Found a transporter.
  1724 | D:3      | 1724 ||| Stepping ~*~*~tactically~*~*~ (hiding).
  1728 | D:3      | 1728 ||| Stepping ~*~*~tactically~*~*~ (hiding).
  1736 | D:3      | Reached XP level 4. HP: 28/28 MP: 4/4
  1862 | D:3      | Found an opulent altar of Gozag.
  1927 | D:3      | Reached skill level 4 in Axes
  1990 | D:3      | Noticed Ijyb
  1991 | D:3      | 1991 ||| Stepping ~*~*~tactically~*~*~ (hiding).
  1993 | D:3      | Paralysed by Ijyb for 3 turns
  1998 | D:3      | Paralysed by Ijyb for 2 turns
  2005 | D:3      | Killed Ijyb
  2038 | D:3      | 2038 ||| READING scroll of enchant weapon.
  2038 | D:3      | 2038 ||| ENCHANTING +2 war axe.
  2198 | D:3      | Noticed qw's ghost (weakling NaHu)
  2199 | D:3      | Found a transporter.
  2390 | D:3      | 2390 ||| UPGRADING to +0 pair of boots.
  2395 | D:3      | 2395 ||| DROPPING amulet of magic regeneration.
  2396 | D:3      | 2396 ||| READING scroll labelled OZI QATSUREA.
  2397 | D:3      | 2397 ||| READING scroll labelled ZEVUWN CUOSH.
  2438 | D:4      | Noticed a phantom
  2452 | D:4      | 2452 ||| STAIRDANCE
  2455 | D:3      | Killed a phantom
  2456 | D:3      | Reached skill level 5 in Axes
  2456 | D:3      | Reached XP level 5. HP: 19/32 MP: 5/5
  2528 | D:4      | Reached XP level 6. HP: 22/38 MP: 6/6
  2566 | D:4      | 2566 ||| Stepping ~*~*~tactically~*~*~ (stealth).
  2588 | D:4      | 2588 ||| Stepping ~*~*~tactically~*~*~ (stealth).
  2590 | D:4      | 2590 ||| Stepping ~*~*~tactically~*~*~ (hiding).
  2591 | D:4      | 2591 ||| Stepping ~*~*~tactically~*~*~ (hiding).
  2696 | D:4      | 2696 ||| DROPPING +0 mace.
  2767 | D:4      | Identified the +4 chain mail "Uffuqohy" {Str+5}
  2819 | D:4      | Reached skill level 6 in Axes
  2819 | D:4      | Reached XP level 7. HP: 16/43 MP: 7/7
  2968 | D:4      | Reached skill level 1 in Dodging
  3074 | D:4      | Identified the +1 helmet of the Game Afoot {-Cast Str+4
                  | Dex+4}
  3204 | D:4      | 3204 ||| Stepping ~*~*~tactically~*~*~ (hiding).
  3222 | D:4      | 3222 ||| READING scroll of enchant weapon.
  3222 | D:4      | 3222 ||| ENCHANTING +3 war axe.
  3352 | D:4      | Reached skill level 7 in Axes
  3352 | D:4      | 3352 ||| Stepping ~*~*~tactically~*~*~ (stealth).
  3353 | D:4      | 3353 ||| Stepping ~*~*~tactically~*~*~ (stealth).
  3354 | D:4      | 3354 ||| Stepping ~*~*~tactically~*~*~ (stealth).
  3355 | D:4      | 3355 ||| Stepping ~*~*~tactically~*~*~ (stealth).
  3471 | D:4      | 3471 ||| UPGRADING to +4 chain mail "Uffuqohy" {Str+5}.
  3481 | D:4      | 3481 ||| DROPPING +0 chain mail.
  3482 | D:4      | 3482 ||| UPGRADING to +4 plate armour.
  3492 | D:4      | 3492 ||| DROPPING +4 chain mail "Uffuqohy" {Str+5}.
  3493 | D:4      | 3493 ||| UPGRADING to +1 helmet of the Game Afoot {-Cast
                  | Str+4 Dex+4}.
  3498 | D:4      | 3498 ||| UPGRADING to ring of resist corrosion.
  3499 | D:4      | 3499 ||| READING scroll labelled QAMASI QEMA GEO.
  3530 | D:4      | 3530 ||| DRINKING 3 orange potions.
  3568 | D:5      | Entered Level 5 of the Dungeon
  3579 | D:5      | Reached XP level 8. HP: 44/48 MP: 8/8
  3582 | D:5      | 3582 ||| STAIRDANCE
  3615 | D:5      | 3615 ||| DROPPING +0 flail.
  3623 | D:5      | 3623 ||| Stepping ~*~*~tactically~*~*~ (stealth).
  3625 | D:5      | 3625 ||| Stepping ~*~*~tactically~*~*~ (hiding).
  3662 | D:5      | 3662 ||| Stepping ~*~*~tactically~*~*~ (hiding).
  3735 | D:5      | 3735 ||| Stepping ~*~*~tactically~*~*~ (hiding).
  3737 | D:5      | 3737 ||| Stepping ~*~*~tactically~*~*~ (hiding).
  3738 | D:5      | 3738 ||| Stepping ~*~*~tactically~*~*~ (hiding).
  3758 | D:5      | Reached skill level 1 in Throwing
  3761 | D:5      | 3761 ||| Stepping ~*~*~tactically~*~*~ (stealth).
  3772 | D:5      | 3772 ||| Stepping ~*~*~tactically~*~*~ (stealth).
  3797 | D:5      | 3797 ||| Stepping ~*~*~tactically~*~*~ (hiding).
  3880 | D:5      | Found a glowing golden altar of the Shining One.
  3914 | D:5      | 3914 ||| Stepping ~*~*~tactically~*~*~ (stealth).
  4114 | D:5      | Found a transporter.
  4132 | D:5      | 4132 ||| READING scroll labelled HICVUSHRYXKI.
  4136 | D:5      | Noticed a wraith
  4166 | D:5      | Found an ancient bone altar of Kikubaaqudgha.
  4167 | D:5      | Noticed Menkaure
  4171 | D:5      | Found a basalt altar of Yredelemnul.
  4175 | D:5      | Found a transporter.
  4348 | D:5      | Found an ornate altar of the Wu Jian Council.
  4348 | D:5      | Found a burning altar of Makhleb.
  4353 | D:5      | Reached skill level 8 in Axes
  4442 | D:5      | 4442 ||| READING scroll labelled MEIRIM DAERUY.
  4443 | D:5      | 4443 ||| READING 2 scrolls of identify.
  4443 | D:5      | 4443 ||| IDENTIFYING silvery potion
  4481 | D:6      | Found a staircase to the Ecumenical Temple.
  4482 | D:6      | 4482 ||| PLANNING TEMPLE
  4484 | D:6      | 4484 ||| Stepping ~*~*~tactically~*~*~ (stealth).
  4485 | D:6      | 4485 ||| Stepping ~*~*~tactically~*~*~ (stealth).
  4486 | D:6      | 4486 ||| Stepping ~*~*~tactically~*~*~ (stealth).
  4488 | D:6      | 4488 ||| Stepping ~*~*~tactically~*~*~ (stealth).
  4490 | D:6      | 4490 ||| Stepping ~*~*~tactically~*~*~ (stealth).
  4493 | D:6      | 4493 ||| Stepping ~*~*~tactically~*~*~ (stealth).
  4502 | D:6      | 4502 ||| Stepping ~*~*~tactically~*~*~ (hiding).
  4503 | D:6      | 4503 ||| Stepping ~*~*~tactically~*~*~ (hiding).
  4504 | D:6      | 4504 ||| Stepping ~*~*~tactically~*~*~ (hiding).
  4505 | D:6      | 4505 ||| Stepping ~*~*~tactically~*~*~ (hiding).
  4528 | Temple   | Entered the Ecumenical Temple
  4569 | Temple   | 4569 ||| PLANNING D:1-11
  4745 | D:6      | Reached skill level 6 in Fighting
  4771 | D:6      | 4771 ||| Stepping ~*~*~tactically~*~*~ (stealth).
  4789 | D:6      | Reached XP level 9. HP: 49/55 MP: 9/9
  5302 | D:6      | 5302 ||| READING scroll labelled DOUTA HUQ TING.
  5303 | D:6      | 5303 ||| READING 2 scrolls labelled VIYMPA ITHRU.
  5304 | D:6      | 5304 ||| DRINKING 3 black potions.
  5305 | D:6      | 5305 ||| READING 3 scrolls of identify.
  5305 | D:6      | 5305 ||| IDENTIFYING emerald potion
  5306 | D:6      | 5306 ||| READING 2 scrolls of identify.
  5306 | D:6      | 5306 ||| IDENTIFYING puce potion
  5307 | D:6      | 5307 ||| DROPPING scroll of revelation.
  5308 | D:6      | 5308 ||| DROPPING potion of invisibility.
  5449 | D:7      | Found a shimmering blue altar of Sif Muna.
  5493 | D:7      | 5493 ||| Stepping ~*~*~tactically~*~*~ (stealth).
  5537 | D:7      | 5537 ||| Stepping ~*~*~tactically~*~*~ (stealth).
  5562 | D:7      | 5562 ||| Stepping ~*~*~tactically~*~*~ (hiding).
  5570 | D:7      | Reached skill level 9 in Axes
  5655 | D:7      | 5655 ||| Stepping ~*~*~tactically~*~*~ (cloud).
  5696 | D:7      | Noticed Prince Ribbit
  5704 | D:7      | Killed Prince Ribbit
  5705 | D:7      | Reached skill level 6 in Armour
  5832 | D:7      | 5832 ||| Stepping ~*~*~tactically~*~*~ (hiding).
  6073 | D:7      | 6073 ||| UPGRADING to +0 cloak.
  6108 | D:7      | Noticed Pikel
  6117 | D:7      | Killed Pikel
  6133 | D:8      | Noticed a brown ugly thing
  6149 | D:8      | Killed a brown ugly thing
  6150 | D:8      | Reached skill level 3 in Dodging
  6150 | D:8      | Reached XP level 10. HP: 30/64 MP: 10/10
  6291 | D:8      | Noticed Erica
  6293 | D:8      | 6293 ||| DRINKING 2 potions of curing.
  6293 | D:8      | 6293 ||| (to cure confusion)
  6295 | D:8      | 6295 ||| Stepping ~*~*~tactically~*~*~ (water).
  6298 | D:8      | 6298 ||| FLEEEEING.
  6299 | D:8      | 6299 ||| FLEEEEING.
  6311 | D:8      | 6311 ||| FLEEEEING.
  6312 | D:8      | 6312 ||| FLEEEEING.
  6313 | D:8      | 6313 ||| FLEEEEING.
  6314 | D:8      | 6314 ||| FLEEEEING.
  6315 | D:8      | 6315 ||| FLEEEEING.
  6317 | D:8      | 6317 ||| FLEEEEING.
  6317 | D:8      | HP: 15/64 [something (5)]
  6318 | D:8      | 6318 ||| FLEEEEING.
  6319 | D:8      | 6319 ||| FLEEEEING.
  6320 | D:8      | 6320 ||| FLEEEEING.
  6321 | D:8      | 6321 ||| FLEEEEING.
  6324 | D:8      | 6324 ||| READING 7 scrolls of teleportation.
  6326 | D:8      | 6326 ||| FLEEEEING.
  6334 | D:8      | 6334 ||| Stepping ~*~*~tactically~*~*~ (stealth).
  6338 | D:8      | HP: 9/64 [something (12)]
  6339 | D:8      | 6339 ||| READING 6 scrolls of teleportation.
  6340 | D:8      | HP: 2/64 [something (4)]
  6560 | D:8      | Found a flagged portal.
  6568 | D:8      | 6568 ||| Stepping ~*~*~tactically~*~*~ (stealth).
  6611 | D:8      | 6611 ||| READING scroll of enchant armour.
  6611 | D:8      | 6611 ||| ENCHANTING +0 pair of boots.
  6616 | D:8      | Noticed Psyche
  6621 | D:8      | 6621 ||| DRINKING potion of curing.
  6621 | D:8      | 6621 ||| (to cure confusion)
  6627 | D:8      | Killed Psyche
  6802 | D:8      | 6802 ||| Stepping ~*~*~tactically~*~*~ (stealth).
  6803 | D:8      | 6803 ||| Stepping ~*~*~tactically~*~*~ (stealth).
  6804 | D:8      | 6804 ||| Stepping ~*~*~tactically~*~*~ (stealth).
  6811 | D:8      | 6811 ||| Stepping ~*~*~tactically~*~*~ (hiding).
  6812 | D:8      | 6812 ||| Stepping ~*~*~tactically~*~*~ (hiding).
  6834 | D:8      | Killed Erica
  6835 | D:8      | Reached skill level 10 in Axes
  6920 | D:8      | Found the +7 great mace "Undeadhunter" {deathbane, rN+}
  7077 | D:8      | 7077 ||| UPGRADING to +0 pair of gloves.
  7082 | D:8      | 7082 ||| UPGRADING to amulet of regeneration.
  7087 | D:8      | 7087 ||| READING scroll labelled MOMOXT MEUXT.
  7088 | D:8      | 7088 ||| DRINKING 2 coppery potions.
  7089 | D:8      | 7089 ||| DRINKING 2 purple potions.
  7093 | D:8      | 7093 ||| READING 2 scrolls of identify.
  7093 | D:8      | 7093 ||| IDENTIFYING bubbling red potion
  7094 | D:8      | 7094 ||| DROPPING potion of degeneration.
  7095 | D:8      | 7095 ||| DROPPING potion of ambrosia.
  7144 | D:9      | 7144 ||| Stepping ~*~*~tactically~*~*~ (cloud).
  7219 | D:9      | Noticed Amaemon
  7219 | D:9      | Noticed an orange demon
  7232 | D:9      | Killed Amaemon
  7253 | D:9      | Killed an orange demon
  7257 | D:9      | 7257 ||| FLEEEEING.
  7258 | D:9      | 7258 ||| FLEEEEING.
  7259 | D:9      | 7259 ||| FLEEEEING.
  7260 | D:9      | 7260 ||| FLEEEEING.
  7261 | D:9      | 7261 ||| FLEEEEING.
  7262 | D:9      | 7262 ||| FLEEEEING.
  7263 | D:9      | 7263 ||| FLEEEEING.
  7290 | D:9      | Noticed a two-headed ogre
  7302 | D:9      | Killed a two-headed ogre
  7303 | D:9      | Reached skill level 11 in Axes
  7303 | D:9      | Reached XP level 11. HP: 61/68 MP: 11/11
  7318 | D:9      | 7318 ||| READING scroll of enchant armour.
  7318 | D:9      | 7318 ||| ENCHANTING +0 pair of gloves.
  7357 | D:9      | Found a staircase to the Lair.
  7376 | D:9      | Found an iron altar of Okawaru.
  7377 | D:9      | 7377 ||| PLANNING OKAWARU WORSHIP
  7386 | D:9      | Became a worshipper of Warmaster Okawaru
  7386 | D:9      | 7386 ||| PLANNING D:1-11
  7453 | D:9      | 7453 ||| Stepping ~*~*~tactically~*~*~ (hiding).
  7454 | D:9      | 7454 ||| Stepping ~*~*~tactically~*~*~ (hiding).
  7491 | D:9      | 7491 ||| DROPPING +2 flail of venom.
  7492 | D:9      | 7492 ||| DROPPING +1 mace of holy wrath.
  7595 | D:9      | 7595 ||| Stepping ~*~*~tactically~*~*~ (stealth).
  7606 | D:9      | Reached skill level 9 in Fighting
  7698 | D:9      | 7698 ||| PLANNING LAIR
  7698 | D:9      | 7698 ||| DROPPING amulet of the acrobat.
  7747 | Lair:1   | Entered Level 1 of the Lair of Beasts
  7755 | Lair:1   | 7755 ||| STAIRDANCE
  7762 | D:9      | Reached * piety under Okawaru
  7771 | Lair:1   | 7771 ||| STAIRDANCE
  7776 | D:9      | Reached skill level 1 in Invocations
  7931 | Lair:1   | 7931 ||| INVOKING Heroism.
  7940 | Lair:1   | Reached skill level 9 in Armour
  8055 | Lair:1   | 8055 ||| Stepping ~*~*~tactically~*~*~ (stealth).
  8057 | Lair:1   | 8057 ||| INVOKING Heroism.
  8132 | Lair:1   | Reached skill level 3 in Invocations
  8150 | Lair:1   | 8150 ||| READING scroll of enchant armour.
  8150 | Lair:1   | 8150 ||| ENCHANTING +1 pair of gloves.
  8420 | Lair:1   | You fall into a shaft and drop 1 floor!
  8438 | Lair:2   | 8438 ||| DRINKING 4 yellow potions.
  8438 | Lair:2   | Gained mutation: You have large cloven feet. [potion of
                  | mutation]
  8438 | Lair:2   | Gained mutation: You have a pair of small horns on your
                  | head. [potion of mutation]
  8439 | Lair:2   | 8439 ||| DROPPING +1 helmet of the Game Afoot {-Cast Str+4
                  | Dex+4}.
  8462 | Lair:1   | 8462 ||| INVOKING Heroism.
  8475 | Lair:1   | Reached ** piety under Okawaru
  8487 | Lair:1   | Reached skill level 12 in Axes
  8489 | Lair:1   | 8489 ||| INVOKING Heroism.
  8807 | Lair:2   | 8807 ||| INVOKING Heroism.
  8811 | Lair:2   | Reached skill level 6 in Shields
  8819 | Lair:2   | 8819 ||| STAIRDANCE
  8857 | Lair:2   | 8857 ||| STAIRDANCE
  8859 | Lair:1   | 8859 ||| INVOKING Heroism.
  8962 | Lair:2   | Reached XP level 12. HP: 77/77 MP: 15/15
  8966 | Lair:2   | 8966 ||| Stepping ~*~*~tactically~*~*~ (hiding).
  8970 | Lair:2   | Found a staircase to the Swamp.
  8975 | Lair:2   | 8975 ||| INVOKING Heroism.
  9108 | Lair:2   | 9108 ||| Stepping ~*~*~tactically~*~*~ (stealth).
  9118 | Lair:2   | Reached *** piety under Okawaru
  9334 | Lair:2   | 9334 ||| INVOKING Heroism.
  9341 | Lair:2   | Paralysed by a floating eye for 4 turns
  9365 | Lair:2   | Reached skill level 13 in Axes
  9368 | Lair:2   | 9368 ||| INVOKING Heroism.
  9383 | Lair:2   | 9383 ||| DRINKING potion of cancellation.
  9399 | Lair:2   | 9399 ||| READING scroll of brand weapon.
  9399 | Lair:2   | 9399 ||| BRANDING +4 war axe of venom.
  9480 | Lair:2   | 9480 ||| READING scroll of enchant armour.
  9480 | Lair:2   | 9480 ||| ENCHANTING +1 pair of boots.
  9567 | Lair:2   | Noticed a death yak
  9568 | Lair:2   | 9568 ||| Stepping ~*~*~tactically~*~*~ (stealth).
  9569 | Lair:2   | Noticed a death yak
  9570 | Lair:2   | 9570 ||| Stepping ~*~*~tactically~*~*~ (stealth).
  9571 | Lair:2   | Noticed a death yak
  9571 | Lair:2   | Noticed a death yak
  9572 | Lair:2   | 9572 ||| Stepping ~*~*~tactically~*~*~ (stealth).
  9574 | Lair:2   | Noticed a death yak
  9574 | Lair:2   | 9574 ||| Stepping ~*~*~tactically~*~*~ (stealth).
  9575 | Lair:2   | 9575 ||| INVOKING Heroism.
  9591 | Lair:2   | Killed a death yak
  9593 | Lair:2   | Killed a death yak
  9593 | Lair:2   | Reached **** piety under Okawaru
  9599 | Lair:2   | HP: 19/77 [death yak (16)]
  9599 | Lair:2   | HP: 4/77 [death yak (8)]
  9600 | Lair:2   | 9600 ||| READING 7 scrolls of teleportation.
  9601 | Lair:2   | 9601 ||| DRINKING potion of heal wounds.
  9604 | Lair:2   | Killed a death yak
  9695 | Lair:2   | 9695 ||| Stepping ~*~*~tactically~*~*~ (stealth).
  9698 | Lair:2   | 9698 ||| INVOKING Heroism.
  9699 | Lair:2   | 9699 ||| Stepping ~*~*~tactically~*~*~ (stealth).
  9700 | Lair:2   | 9700 ||| Stepping ~*~*~tactically~*~*~ (stealth).
  9716 | Lair:2   | Killed a death yak
  9728 | Lair:2   | Killed a death yak
  9728 | Lair:2   | Reached ***** piety under Okawaru
  9913 | Lair:2   | 9913 ||| DROPPING +0 pair of boots of rampaging.
  9914 | Lair:2   | 9914 ||| READING 3 scrolls of identify.
  9914 | Lair:2   | 9914 ||| IDENTIFYING viscous purple potion
  9915 | Lair:2   | 9915 ||| READING 2 scrolls of identify.
  9915 | Lair:2   | 9915 ||| IDENTIFYING green potion
  9916 | Lair:2   | 9916 ||| DROPPING potion of berserk rage.
  9978 | Lair:3   | Noticed an eight-headed hydra
  9979 | Lair:3   | 9979 ||| INVOKING Heroism.
  9984 | Lair:3   | 9984 ||| SWAPPING to -1 demon whip of venom.
  9986 | Lair:3   | Killed an eight-headed hydra
  9987 | Lair:3   | Reached skill level 6 in Invocations
  9987 | Lair:3   | 9987 ||| SWAPPING to +4 war axe of protection.
 10004 | Lair:3   | 10004 ||| Stepping ~*~*~tactically~*~*~ (stealth).
 10005 | Lair:3   | 10005 ||| Stepping ~*~*~tactically~*~*~ (stealth).
 10131 | Lair:3   | 10131 ||| Stepping ~*~*~tactically~*~*~ (stealth).
 10133 | Lair:3   | 10133 ||| INVOKING Heroism.
 10143 | Lair:3   | Received a gift from Okawaru
 10153 | Lair:3   | Reached XP level 13. HP: 78/82 MP: 16/18
 10172 | Lair:3   | 10172 ||| Stepping ~*~*~tactically~*~*~ (hiding).
 10204 | Lair:3   | 10204 ||| INVOKING Heroism.
 10205 | Lair:3   | 10205 ||| INVOKING Finesse.
 10293 | Lair:3   | Reached skill level 3 in Throwing
 10348 | Lair:3   | 10348 ||| Stepping ~*~*~tactically~*~*~ (hiding).
 10361 | Lair:3   | 10361 ||| INVOKING Heroism.
 10362 | Lair:3   | 10362 ||| INVOKING Finesse.
 10456 | Lair:3   | 10456 ||| INVOKING Heroism.
 10493 | Lair:3   | Found a staircase to the Snake Pit.
 10911 | Lair:3   | 10911 ||| DROPPING scarf of shadows.
 10912 | Lair:3   | 10912 ||| READING 3 scrolls of identify.
 10912 | Lair:3   | 10912 ||| IDENTIFYING bubbling orange potion
 10913 | Lair:3   | 10913 ||| DROPPING potion of enlightenment.
 10933 | Lair:4   | 10933 ||| STAIRDANCE
 10974 | Lair:4   | Found a staircase to the Slime Pits.
 10975 | Lair:4   | Found a viscous altar of Jiyva.
 10976 | Lair:4   | 10976 ||| FLEEEEING.
 10977 | Lair:4   | 10977 ||| FLEEEEING.
 10979 | Lair:4   | 10979 ||| FLEEEEING.
 10980 | Lair:4   | 10980 ||| FLEEEEING.
 10981 | Lair:4   | 10981 ||| FLEEEEING.
 10982 | Lair:4   | 10982 ||| STAIRDANCE
 10986 | Lair:4   | 10986 ||| STAIRDANCE
 10988 | Lair:3   | 10988 ||| INVOKING Heroism.
 11011 | Lair:4   | 11011 ||| Stepping ~*~*~tactically~*~*~ (stealth).
 11013 | Lair:4   | 11013 ||| Stepping ~*~*~tactically~*~*~ (stealth).
 11019 | Lair:4   | 11019 ||| Stepping ~*~*~tactically~*~*~ (stealth).
 11039 | Lair:4   | 11039 ||| Stepping ~*~*~tactically~*~*~ (stealth).
 11093 | Lair:4   | 11093 ||| INVOKING Heroism.
 11094 | Lair:4   | 11094 ||| INVOKING Finesse.
 11095 | Lair:4   | 11095 ||| INVOKING Finesse.
 11107 | Lair:4   | Reached skill level 14 in Axes
 11108 | Lair:4   | 11108 ||| Stepping ~*~*~tactically~*~*~ (stealth).
 11109 | Lair:4   | 11109 ||| Stepping ~*~*~tactically~*~*~ (stealth).
 11160 | Lair:4   | 11160 ||| Stepping ~*~*~tactically~*~*~ (stealth).
 11183 | Lair:4   | 11183 ||| INVOKING Heroism.
 11203 | Lair:4   | 11203 ||| READING scroll of enchant weapon.
 11203 | Lair:4   | 11203 ||| ENCHANTING +4 war axe of protection.
 11348 | Lair:4   | 11348 ||| INVOKING Heroism.
 11354 | Lair:4   | Reached skill level 9 in Invocations
 11509 | Lair:4   | 11509 ||| INVOKING Heroism.
 11549 | Lair:4   | 11549 ||| INVOKING Heroism.
 11779 | Lair:4   | 11779 ||| INVOKING Heroism.
 11784 | Lair:4   | 11784 ||| SWAPPING to -1 demon whip of venom.
 11791 | Lair:4   | 11791 ||| SWAPPING to +5 war axe of protection.
 11823 | Lair:4   | 11823 ||| READING 3 scrolls of identify.
 11823 | Lair:4   | 11823 ||| IDENTIFYING blue potion
 11824 | Lair:4   | 11824 ||| DRINKING potion of experience.
 11824 | Lair:4   | Gained mutation: Your large and strong wings let you fly.
                  | [Gargoyle growth]
 11824 | Lair:4   | Reached XP level 14. HP: 88/88 MP: 19/22
 11846 | Lair:5   | Entered Level 5 of the Lair of Beasts
 11890 | Lair:5   | 11890 ||| INVOKING Heroism.
 11937 | Lair:5   | 11937 ||| Stepping ~*~*~tactically~*~*~ (stealth).
 11941 | Lair:5   | 11941 ||| Stepping ~*~*~tactically~*~*~ (stealth).
 11943 | Lair:5   | 11943 ||| Stepping ~*~*~tactically~*~*~ (stealth).
 11945 | Lair:5   | 11945 ||| Stepping ~*~*~tactically~*~*~ (stealth).
 11946 | Lair:5   | 11946 ||| Stepping ~*~*~tactically~*~*~ (stealth).
 11970 | Lair:5   | Received a gift from Okawaru
 11987 | Lair:5   | Found a basalt altar of Yredelemnul.
 12043 | Lair:5   | 12043 ||| Stepping ~*~*~tactically~*~*~ (stealth).
 12048 | Lair:5   | 12048 ||| INVOKING Heroism.
 12049 | Lair:5   | 12049 ||| INVOKING Finesse.
 12069 | Lair:5   | 12069 ||| Stepping ~*~*~tactically~*~*~ (stealth).
 12070 | Lair:5   | 12070 ||| Stepping ~*~*~tactically~*~*~ (stealth).
 12125 | Lair:5   | 12125 ||| INVOKING Heroism.
 12126 | Lair:5   | 12126 ||| INVOKING Finesse.
 12136 | Lair:5   | 12136 ||| SWAPPING to -1 demon whip of venom.
 12142 | Lair:5   | 12142 ||| SWAPPING to +5 war axe of protection.
 12215 | Lair:5   | 12215 ||| Stepping ~*~*~tactically~*~*~ (stealth).
 12216 | Lair:5   | 12216 ||| Stepping ~*~*~tactically~*~*~ (stealth).
 12220 | Lair:5   | 12220 ||| Stepping ~*~*~tactically~*~*~ (hiding).
 12221 | Lair:5   | 12221 ||| Stepping ~*~*~tactically~*~*~ (hiding).
 12222 | Lair:5   | 12222 ||| Stepping ~*~*~tactically~*~*~ (hiding).
 12233 | Lair:5   | 12233 ||| INVOKING Heroism.
 12239 | Lair:5   | Reached skill level 15 in Axes
 12244 | Lair:5   | Reached XP level 15. HP: 39/94 MP: 21/23
 12351 | Lair:5   | 12351 ||| Stepping ~*~*~tactically~*~*~ (stealth).
 12355 | Lair:5   | 12355 ||| Stepping ~*~*~tactically~*~*~ (stealth).
 12380 | Lair:5   | 12380 ||| INVOKING Heroism.
 12395 | Lair:5   | 12395 ||| Stepping ~*~*~tactically~*~*~ (stealth).
 12398 | Lair:5   | 12398 ||| Stepping ~*~*~tactically~*~*~ (stealth).
 12399 | Lair:5   | 12399 ||| Stepping ~*~*~tactically~*~*~ (stealth).
 12400 | Lair:5   | 12400 ||| Stepping ~*~*~tactically~*~*~ (stealth).
 12435 | Lair:5   | 12435 ||| Stepping ~*~*~tactically~*~*~ (stealth).
 12558 | Lair:5   | Received a gift from Okawaru
 12654 | Lair:5   | Reached skill level 12 in Fighting
 12793 | Lair:5   | 12793 ||| INVOKING Heroism.
 12864 | Lair:5   | 12864 ||| Stepping ~*~*~tactically~*~*~ (stealth).
 12865 | Lair:5   | 12865 ||| Stepping ~*~*~tactically~*~*~ (stealth).
 12866 | Lair:5   | 12866 ||| INVOKING Heroism.
 12948 | Lair:5   | Identified the +2 ice dragon scales of the Lute {rPois rF-
                  | rC++ Regen+}
 12972 | Lair:5   | 12972 ||| INVOKING Heroism.
 12973 | Lair:5   | 12973 ||| INVOKING Finesse.
 13018 | Lair:5   | 13018 ||| INVOKING Finesse.
 13019 | Lair:5   | Gained mutation: Your magical capacity is low. (-10% MP) [a
                  | neqoxec]
 13078 | Lair:5   | 13078 ||| Stepping ~*~*~tactically~*~*~ (hiding).
 13095 | Lair:5   | 13095 ||| FLEEEEING.
 13103 | Lair:5   | 13103 ||| INVOKING Heroism.
 13391 | Lair:5   | 13391 ||| PLANNING D:1-11
 13391 | Lair:5   | 13391 ||| DROPPING scarf of shadows.
 13392 | Lair:5   | 13392 ||| UPGRADING to +2 ice dragon scales of the Lute
                  | {rPois rF- rC++ Regen+}.
 13402 | Lair:5   | 13402 ||| UPGRADING to ring of ice.
 13492 | D:10     | Entered Level 10 of the Dungeon
 13492 | D:10     | Noticed Lodul
 13496 | D:10     | 13496 ||| STAIRDANCE
 13499 | D:9      | Reached skill level 16 in Axes
 13511 | D:9      | Killed Lodul
 13557 | D:10     | 13557 ||| Stepping ~*~*~tactically~*~*~ (stealth).
 13582 | D:10     | 13582 ||| Stepping randomly (disturbance).
 13671 | D:10     | 13671 ||| INVOKING Heroism.
 13706 | D:10     | 13706 ||| READING scroll labelled YMESYSSA NUNE.
 13717 | D:10     | 13717 ||| READING scroll of enchant weapon.
 13717 | D:10     | 13717 ||| ENCHANTING +5 war axe of protection.
 13734 | D:10     | 13734 ||| Stepping ~*~*~tactically~*~*~ (hiding).
 13737 | D:10     | 13737 ||| Stepping ~*~*~tactically~*~*~ (hiding).
 13738 | D:10     | 13738 ||| Stepping ~*~*~tactically~*~*~ (hiding).
 13778 | D:10     | 13778 ||| Stepping ~*~*~tactically~*~*~ (stealth).
 13781 | D:10     | 13781 ||| Stepping ~*~*~tactically~*~*~ (stealth).
 13795 | D:10     | 13795 ||| INVOKING Heroism.
 13802 | D:10     | 13802 ||| Stepping ~*~*~tactically~*~*~ (stealth).
 13803 | D:10     | 13803 ||| Stepping ~*~*~tactically~*~*~ (stealth).
 13902 | D:10     | 13902 ||| Stepping ~*~*~tactically~*~*~ (stealth).
 13943 | D:10     | Noticed Sonja
 13960 | D:10     | Killed Sonja
 14090 | D:10     | Found a shadowy altar of Dithmenos.
 14207 | D:10     | Found a snail-covered altar of Cheibriados.
 14208 | D:10     | Found a glowing silver altar of Zin.
 14249 | D:10     | 14249 ||| Stepping ~*~*~tactically~*~*~ (hiding).
 14264 | D:10     | 14264 ||| INVOKING Heroism.
 14274 | D:10     | HP: 17/97 [fire elemental[a deep elf pyromancer] (12)]
 14275 | D:10     | 14275 ||| READING 8 scrolls of teleportation.
 14588 | D:10     | Reached skill level 9 in Shields
 14639 | D:10     | 14639 ||| Stepping ~*~*~tactically~*~*~ (stealth).
 14641 | D:10     | 14641 ||| Stepping ~*~*~tactically~*~*~ (hiding).
 14648 | D:10     | 14648 ||| INVOKING Heroism.
 14669 | D:10     | 14669 ||| SWAPPING to -1 demon whip of venom.
 14679 | D:10     | 14679 ||| SWAPPING to +6 war axe of protection.
 14691 | D:10     | Noticed a fire giant
 14693 | D:10     | 14693 ||| Stepping ~*~*~tactically~*~*~ (hiding).
 14699 | D:10     | HP: 23/99 [fire giant/fireball (76)]
 14700 | D:10     | 14700 ||| READING 7 scrolls of teleportation.
 14700 | D:10     | HP: 9/99 [fire giant/+2 great sword of flaming (16)]
 14700 | D:10     | HP: 3/99 [fire giant/+2 great sword of flaming (6)]
 14701 | D:10     | Killed from afar by a fire giant

Levels and vault maps discovered:
D:1:      dpeg_arrival_orchard, layout_loops_ring
D:2:      layout_loops_ring, serial_bayou_pond_c, nicolae_figureground_pulse
D:3:      layout_basic, grunt_gozag_statues, gammafunk_ghost_arena,
          hellmonk_ecumenical_altar_run_dry, interstate_on_off,
          chequers_serial_rivers_small_b, uniq_ijyb
D:4:      layout_loops_ring
D:5:      layout_loops_cross, gammafunk_temple_of_torment,
          kennysheep_little_box, gammafunk_temple_overflow_pools,
          nicolae_wormholes
D:6:      layout_loops_cross, minmay_temple_entry_ruins, kennysheep_diamond,
          minmay_ogre_servants
D:7:      layout_loops_ring, nicolae_sif_muna_condensation, uniq_pikel,
          uniq_prince_ribbit1
D:8:      layout_cave_pools, enter_bailey_2, serial_park, serial_park_paths
          [serial_park_minivault_5x5_4], serial_park_gazebo
          [serial_park_minivault_5x5_3], serial_park_tiny_1, uniq_erica,
          uniq_psyche
D:9:      layout_gridville, kennysheep_okawaru_gauntlet,
          due_lair_maze_entry_diamond, amcnicky_mini_corridor_feature,
          uniq_amaemon
D:10:     minmay_klotski, layout_long_grid, nicolae_dithmenos_the_darkroom,
          gammafunk_temple_overflow_statue, minmay_shattered_shrine, uniq_sonja,
          uniq_lodul
D:11:     layout_roguey
Temple:   nicolae_temple_ecumenical_triangle
Lair:1:   layout_cave_pods
Lair:2:   layout_chaotic_city, skrybe_swamp_entry_bodies, disabler_island
Lair:3:   layout_chaotic_city, dummy_snake_entry, grunt_megastairs_2
Lair:4:   layout_loops_ring, minmay_slime_entry_jelly_boxes
Lair:5:   due_jungle_book, layout_misc_corridors, basic_altar, st_stairs_7,
          lemuel_fruit_fields, serial_bayou_shore_a

Skill      XL: |  1  2  3  4  5  6  7  8  9 10 11 12 13 14 15 |
---------------+----------------------------------------------+-----
Axes           | 2 3 5 6 7 8 9 11 12 13 14 15 16 | 16.0
Fighting       | 4 6 8 9 10 11 13 | 13.3
Dodging        | 1 3 4 |  4.0
Armour         | 4 5 6 8 9 10 11 | 11.2
Throwing       | 1 2 5 |  5.9
Shields        | 4 5 6 7 9 |  9.0
Invocations    | 4 6 10 | 10.6

Action                     |  1- 3 |  4- 6 |  7- 9 | 10-12 | 13-15 || total
---------------------------+-------+-------+-------+-------+-------++-------
  Melee: War axe           |   114 |    58 |   244 |   419 |   897 ||  1732
         Unarmed           |       |       |       |     2 |       ||     2
         Headbutt          |       |       |       |    65 |   270 ||   335
         Demon whip        |       |       |       |     2 |    20 ||    22
  Throw: Boomerang         |       |       |    87 |    87 |    14 ||   188
         Javelin           |       |       |       |       |    38 ||    38
 Invoke: Heroism           |       |       |       |    13 |    23 ||    36
         Finesse           |       |       |       |       |     7 ||     7
    Use: Scroll            |    10 |     3 |     9 |    12 |     7 ||    41
         Potion            |       |       |     2 |     7 |     1 ||    10
 Armour: Scale mail        |    35 |       |       |       |       ||    35
         Chain mail        |     3 |    31 |     5 |       |       ||    39
         Plate armour      |       |       |   134 |   318 |   446 ||   898
         Ice dragon scales |       |       |       |       |   218 ||   218
  Dodge: Dodged            |    46 |    21 |    62 |   145 |   305 ||   579
  Block: Buckler           |    11 |     7 |    26 |    90 |   213 ||   347

Table legend:
 A = Non-vault XP
 B = Vault XP
 C = Vault XP percentage of total XP
 D = Non-vault monster count
 E = Vault monster count
 F = Vault count percentage of total count
                 A         B        C        D         E       F
            +---------+---------+-------+---------+---------+-------
      Total |   59856 |   38398 |  39.1 |     321 |     123 |  27.7
            +---------+---------+-------+---------+---------+-------
        D:1 |      27 |       0 |   0.0 |      15 |       0 |   0.0
        D:2 |      44 |       0 |   0.0 |      17 |       0 |   0.0
        D:3 |     148 |      38 |  20.4 |      12 |       1 |   7.7
        D:4 |     893 |       0 |   0.0 |      26 |       0 |   0.0
        D:5 |     618 |      25 |   3.9 |      36 |       5 |  12.2
        D:6 |     480 |     267 |  35.7 |      12 |      12 |  50.0
        D:7 |     744 |     925 |  55.4 |      11 |       2 |  15.4
        D:8 |     818 |    1507 |  64.8 |       4 |       7 |  63.6
        D:9 |    2131 |    4006 |  65.3 |      24 |      16 |  40.0
       D:10 |    1252 |   12279 |  90.7 |      13 |      27 |  67.5
       D:11 |    3958 |       0 |   0.0 |      13 |       0 |   0.0
     Lair:1 |    6056 |       0 |   0.0 |      27 |       0 |   0.0
     Lair:2 |    8040 |    2993 |  27.1 |      25 |       6 |  19.4
     Lair:3 |    7497 |    1693 |  18.4 |      22 |       7 |  24.1
     Lair:4 |    4855 |     525 |   9.8 |      12 |      15 |  55.6
     Lair:5 |   22295 |   14140 |  38.8 |      52 |      25 |  32.5
            +---------+---------+-------+---------+---------+-------
